 Dungeon Crawl Stone Soup version 0.31-a0-237-g2d982f9f85 (webtiles) character file.

Game seed: 6678059451265169084

58 Vomitron the Slasher (level 3, -2/28 HPs)
             Began as a Demonspawn Gladiator on July 12, 2023.
             Slain by a gnoll
             ... wielding a +0 spear
              (8 damage)
             ... on level 2 of the Dungeon.
             The game lasted 00:02:16 (1756 turns).

Vomitron the Slasher (Demonspawn Gladiator)         Turns: 1756, Time: 00:02:16

Health: -2/28      AC:  5    Str: 22    XL:     3   Next: 76%
Magic:  3/3        EV: 12    Int:  9    God:
Gold:   49         SH:  0    Dex: 14    Spells: 2/2 levels left

rFire   . . .        a - +0 long sword
rCold   . . .        (no shield)
rNeg    . . .        b - +0 leather armour
rPois   .            c - +0 helmet
rElec   .            p - +0 cloak
rCorr   .            (no gloves)
SInv    .            (no boots)
Will    .....        (no amulet)
Stlth   +            l - +6 ring of strength
HPRegen 0.24/turn    (no ring)
MPRegen 0.08/turn

%: no passive effects
@: no status effects
A: spiny 1
a: no special abilities


You were on level 2 of the Dungeon.
You visited 1 branch of the dungeon, and saw 2 of its levels.

You collected 49 gold pieces.

Inventory:

Hand Weapons
 a - a +0 long sword (weapon)
Missiles
 d - 3 throwing nets (quivered)
 e - a javelin
Armour
 b - a +0 leather armour (worn)
 c - a +0 helmet (worn)
 p - a +0 cloak (worn)
 r - a +0 chain mail
Jewellery
 l - a +6 ring of strength (left hand)
Scrolls
 g - a scroll of fog {unknown}
 i - a scroll of poison {unknown}
 n - 2 scrolls of fear {unknown}
 o - a scroll of noise {unknown}
 q - a scroll of teleportation {unknown}
Potions
 f - a potion of degeneration {unknown}
 h - a potion of magic {unknown}
 j - 3 potions of curing {unknown}
 k - a potion of lignification {unknown}
 m - a potion of attraction {unknown}


   Skills:
 + Level 2.6 Fighting
 * Level 3.6 Long Blades
 - Level 1.7 Throwing
 + Level 1.2 Armour
 - Level 2.6 Dodging


You had 2 spell levels left.
You didn't know any spells.
Your spell library contained the following spells:

 Spells                   Type           Power      Damage    Failure   Level
 Apportation              Tloc           0%         N/A       43%         1
 Magic Dart               Conj           0%         1d3       43%         1
 Necrotise                Necr           0%         1d4       43%         1
 Summon Small Mammal      Summ           0%         N/A       43%         1
 Call Imp                 Summ           0%         N/A       56%         2
 Mephitic Cloud           Conj/Pois/Air  0%         N/A       80%         3


Dungeon Overview and Level Annotations

Branches:
Dungeon (2/15)

Altars:


Innate Abilities, Weirdness & Mutations

You are partially covered in sharp spines.


Message History

No target in view!
Key pressed, stopping explore.
No target in view!
There is a stone staircase leading up here.
A gnoll comes into view. It is wielding a +0 flail.
A gnoll is nearby!
A gnoll is nearby!
A gnoll comes into view. It is wielding a +0 flail.
Found a book of Annihilations.
The gnoll shouts! x2; You hear a shout!
A gnoll comes into view. It is wielding a +0 spear.
The gnoll attacks as you move away! The gnoll is struck by your spines.
The gnoll closely misses you. The gnoll attacks as you move away!
The gnoll is struck by your spines. The gnoll barely misses you.
You closely miss the gnoll.
The gnoll is moderately wounded.
The gnoll hits you with a +0 flail. x2; The gnoll is struck by your spines.
The gnoll hits you with a +0 flail.
You closely miss the gnoll.
The gnoll is moderately wounded.
The gnoll misses you. The gnoll completely misses you.
The gnoll closely misses you.
You closely miss the gnoll.
The gnoll is moderately wounded.
The gnoll barely misses you. The gnoll completely misses you.
You hit the gnoll.
The gnoll is heavily wounded.
The gnoll is struck by your spines. The gnoll barely misses you.
The gnoll misses you.
You hit the gnoll.
The gnoll is severely wounded.
The gnoll is struck by your spines. The gnoll hits you with a +0 flail.
The gnoll hits you from afar with a +0 spear.
* * * LOW HITPOINT WARNING * * *
You hit the gnoll.
You kill the gnoll!
The gnoll closely misses you.
The gnoll hits you from afar with a +0 spear!
You die...

.# #.......# ##...## .#
#.#.###.# ##.....## .#
#.#.#.#.# ##.......##
.######.#.....###.........#
................')........+
.######.#.....###.........#
.### #.......# ##.......##
...# ###.#########....[##
.#.# #.# #..@)gg.>.## .#.#
##.## #.######..# .#.#
##.#.###.# #..# ##.#
##.###.##.######..# ##.#
#.## ##.......##g.# ##.#
##.###.##.###.#...# ...#
##.#.###.# ..... #### ##.##
#.# .#...## # ### #..
...:...


You could see 2 gnolls.

Vanquished Creatures
  A gnoll (D:2)
  6 ball pythons
  7 endoplasms
  3 giant cockroaches
  3 goblins (D:2)
  A hobgoblin (D:1)
  6 jackals
  4 kobolds
  2 quokkas
  9 bats
  5 frilled lizards
  4 rats
51 creatures vanquished.

Notes
Turn   | Place    | Note
-------+----------+-------------------------------------------
     0 | D:1      | Vomitron the Demonspawn Gladiator began the quest for the
                  | Orb.
     0 | D:1      | Reached XP level 1. HP: 16/16 MP: 1/1
   153 | D:1      | Reached skill level 3 in Long Blades
   159 | D:1      | Gained mutation: You are partially covered in sharp spines.
                  | [demonic ancestry]
   159 | D:1      | Reached XP level 2. HP: 19/22 MP: 2/2
   598 | D:1      | Reached skill level 1 in Armour
   626 | D:1      | Reached XP level 3. HP: 28/28 MP: 3/3
  1756 | D:2      | Slain by a gnoll

Illustrated notes

Levels and vault maps discovered:
D:1:      co_arrival_square_in_a_square_in_a_square, layout_loops_ring,
          chequers_big_river
D:2:      layout_loops_corners, minmay_between

Skill      XL: |  1  2 |
---------------+-------+-----
Long Blades    | 3 |  3.6
Armour         | 1 |  1.2
Fighting       | |  2.6
Throwing       | |  1.7
Dodging        | |  2.6

Action                     || total
---------------------------++-------
  Melee: Long sword        ||   110
         Punch             ||     1
   Stab: Sleeping          ||     2
 Armour: Leather armour    ||    49
  Dodge: Dodged            ||    92

Table legend: (Time is in decaauts)
 A = Elapsed time spent in this place.
 B = Non-inter-level travel time spent in this place.
 C = Inter-level travel time spent in this place.
 D = Time resting spent in this place.
 E = Time spent auto-exploring this place.
 F = Levels seen in this place.
 G = Mean time per level.
                   A        B        C        D        E       F      G
               +--------+--------+--------+--------+--------+-----+--------+
         Total |   1798 |   1696 |    102 |      0 |   1301 |   2 |  899.0 |
       Dungeon |   1798 |   1696 |    102 |      0 |   1301 |   2 |  899.0 |
               +--------+--------+--------+--------+--------+-----+--------+

Top non-repeatable levels by time:
     D:1: 1125 daAuts
     D:2: 672 daAuts
